AoeStats
← GhostyD

Arena

509929358Analyzed
2v2 RM · 3d ago on Sep 28, 2026· 17m 29s· 4 players
Game mode
Random Map
Map size
Medium (4 player)
Population
200
Speed
Normal
Resources
Standard
Victory
Conquest
Starting age
Dark Age
Ending age
Imperial Age
RankedLock teamsTeams togetherTeam positionsShared explorationLock speedFull tech treeHidden civsTurbo modeCheats
Victory
Defeat
🇮🇹 Cumans · Italy
1286
+17
🇮🇹 Romans · Italy
1262
+18
🇳🇴 Saxons · Norway
1323
-18
🇳🇴 Danes · Norway
1292
-17
塔奈花铃
5:21 Loom
11:08 Feudal Age
13:26 Wheelbarrow
15:30 Loom
焕
10:52 Feudal Age
12:08 Horse Collar
12:13 Double-Bit Axe
14:01 Scale Mail Armor
14:20 Man-at-Arms
14:59 Loom
15:55 Forging
16:15 Stone Mining
17:27 Wheelbarrow
MS-Skitat
11:19 Feudal Age
14:54 Castle Age
12:56 Double-Bit Axe
12:57 Horse Collar
13:38 Loom
14:04 Gold Mining
GhostyD
7:38 Loom
11:14 Feudal Age
15:24 Castle Age
13:25 Horse Collar
13:35 Double-Bit Axe
13:32 Horse Collar
15:13 Stone Mining
15:21 Gold Mining
Connection lost

Rejoining the realm…

Still unreachable

The connection could not be restored.

Session expired

The server has moved on; the page needs a fresh start.